 Dungeon Crawl Stone Soup version 0.25-a0-24-g72dcfe0359 (webtiles) character file.

Game seed: 16460515673092587077, levelgen mode: deterministic

718 DavidChitty2 the Firebug (level 7, -1/58 HPs)
             Began as a White Draconian Fire Elementalist on Oct 15, 2019.
             Slain by Duvessa
             ... wielding a +4 short sword of draining
              (4 damage)
             ... on level 5 of the Dungeon on Oct 16, 2019.
             The game lasted 00:18:20 (7171 turns).

DavidChitty2 the Firebug (DrFE)                     Turns: 7171, Time: 00:18:21

Health: -1/58      AC:  9    Str: 10    XL:     7   Next: 42%
Magic:  0/12       EV: 11    Int: 18    God:
Gold:   215        SH:  0    Dex: 11    Spells: 2/13 levels left

rFire    . . .     SeeInvis .   b - +0 long sword
rCold    + . .     Gourm    .   (no shield)
rNeg     . . .     Faith    .   (armour unavailable)
rPois    .         Spirit   .   (helmet restricted)
rElec    .         Reflect  .   g - +0 cloak
rCorr    .         Harm     .   (no gloves)
MR       .....                  t - +1 pair of boots
Stlth    +.........             (no amulet)
HPRegen  0.19/turn              (no ring)
MPRegen  0.13/turn              (no ring)

@: short of breath, very heavily drained
A: breathe frost, unfitting armour, cold resistance 1, cold-blooded, AC +6
a: Breathe Frost


You were on level 5 of the Dungeon.
You were not hungry.

You visited 1 branch of the dungeon, and saw 5 of its levels.

You collected 215 gold pieces.

Inventory:

Hand Weapons
 a - a +0 hunting sling
   (You found it on level 2 of the Dungeon)
 b - a +0 long sword (weapon)
   (You found it on level 3 of the Dungeon)
 n - a +0 dagger
   (You took it off a goblin on level 1 of the Dungeon)
Missiles
 c - 170 stones
 d - 16 poisoned darts (quivered)
 o - 26 sling bullets
Armour
 g - a +0 cloak (worn)
   (You found it on level 1 of the Dungeon)
 t - a +1 pair of boots (worn)
   (You found it on level 4 of the Dungeon)
Scrolls
 h - 4 scrolls of remove curse {@r2}
 l - a scroll of blinking
 m - 2 scrolls of teleportation {@r4}
 q - 2 scrolls of amnesia
 w - a scroll of magic mapping
Potions
 f - a potion of brilliance
 i - a potion of lignification {!q}
 j - a potion of degeneration {unknown}
 p - 3 potions of curing {@q1}
 s - a potion of flight
 u - a potion of invisibility {unknown}
 x - a potion of haste {@q3}
 z - a potion of heal wounds {unknown}
Comestibles
 e - 2 rations {!d}
 k - 4 chunks of flesh


   Skills:
 + Level 3.7(0.0) Fighting
 - Level 1.7(0.0) Dodging
 - Level 1.7(0.0) Stealth
 + Level 3.8(0.0) Spellcasting
 + Level 3.7(0.0) Conjurations
 * Level 4.9(0.4) Fire Magic


You had 2 spell levels left.
You knew the following spells:

 Your Spells              Type           Power        Failure   Level  Hunger
a - Flame Tongue          Conj/Fire      #....        21%         1    ##.....
b - Fireball              Conj/Fire      #.........   99%         5    ######.
d - Conjure Flame         Conj/Fire      #.......     52%         3    ####...
x - Throw Flame           Conj/Fire      #.....       30%         2    ###....

Your spell library contained the following spells:

 Spells                   Type           Power        Failure   Level  Hunger
 Inner Flame              Hex/Fire       #.......     52%         3    ####...
 Sticky Flame             Conj/Fire      #.......     90%         4    #####..


Dungeon Overview and Level Annotations

Branches:
Dungeon (5/15)
 Temple: D:4-7

Altars:

Annotations:
D:2 2 exclusions
D:5 Dowan, Duvessa


Innate Abilities, Weirdness & Mutations

You can breathe waves of freezing cold.
You can buffet flying creatures when you breathe cold.
Your icy white scales are hard. (AC +6)
You cannot fit into any form of body armour.
Your flesh is cold resistant. (rC+)
You are cold-blooded and may be slowed by cold attacks.


Message History

Dowan blinks!
Aim: Duvessa, wielding a +4 short sword of draining and wearing a +0 scale mail (moderately wounded)
The flame tongue hits Duvessa.
Duvessa barely misses you.
Aim: Duvessa, wielding a +4 short sword of draining and wearing a +0 scale mail (heavily wounded)
The flame tongue hits Duvessa.
Duvessa hits you but does no damage.
You feel drained.
Aim: Duvessa, wielding a +4 short sword of draining and wearing a +0 scale mail (severely wounded)
The flame tongue hits Duvessa but does no damage.
Duvessa hits you but does no damage.
You feel drained.
Dowan points at Duvessa and mumbles some strange words.
Duvessa seems to speed up.
Aim: Duvessa, wielding a +4 short sword of draining and wearing a +0 scale mail (severely wounded, fast)
The flame tongue hits Duvessa but does no damage.
Duvessa says, "My weaknesses are his strengths!"
Duvessa hits you with a +4 short sword of draining!
You feel drained.
* * * LOW HITPOINT WARNING * * *
Aim: Duvessa, wielding a +4 short sword of draining and wearing a +0 scale mail (severely wounded, fast)
The flame tongue hits Duvessa.
Duvessa hits you with a +4 short sword of draining.
* * * LOW HITPOINT WARNING * * *
You feel drained.
Duvessa hits you with a +4 short sword of draining!
* * * LOW HITPOINT WARNING * * *
You feel drained.
* * * LOW HITPOINT WARNING * * *
Dowan casts a spell.
Dowan blinks!
You closely miss Duvessa. Duvessa hits you but does no damage.
You feel drained. Duvessa hits you but does no damage.
You feel drained.
You barely miss Duvessa. Duvessa hits you but does no damage.
You feel drained. Duvessa closely misses you.
You closely miss Duvessa. Duvessa barely misses you.
Duvessa hits you with a +4 short sword of draining.
* * * LOW HITPOINT WARNING * * *
You feel drained.
* * * LOW HITPOINT WARNING * * *
The frilled lizard hisses angrily.
You hit Duvessa but do no damage.
Duvessa hits you with a +4 short sword of draining.
* * * LOW HITPOINT WARNING * * *
You feel drained.
* * * LOW HITPOINT WARNING * * *
Duvessa says, "When magic and the sword combine, nothing stands against them."
Duvessa closely misses you.
You riposte.
You barely miss Duvessa.
Aim: Duvessa, wielding a +4 short sword of draining and wearing a +0 scale mail (severely wounded, fast)
The flame tongue hits Duvessa.
Duvessa closely misses you.
You riposte.
You hit Duvessa.
Duvessa hits you with a +4 short sword of draining.
You die...

#.#.# #..# #.# #.
#.#.#####..# .# #a# ##
#.....##...### .# #.#
# #.###........# .#
#s# .. #.##.#.#.# .#
#.# #. #.##.#.#.# .#
#e# ..##.#.#.## .#
#.########
#####.#..#.###.#
##........#
#...###ee@.#
##...#####.#
#.....#.###.####.....#
#.# #.####)#
.........## #.# .. ...
.........#####.# . ##.
..>.l...#..s$..e #.
.##..(.#.#####.. .
.##...... ....# ..
.##.####. ####.. #. #.
##.


You could see Duvessa, Dowan and a frilled lizard.

Vanquished Creatures
  Grinder (D:3)
  Blork the orc (D:5)
  A scorpion (D:4)
  A crimson imp (D:2)
  A hound (D:4)
  An orc priest (D:3)
  A jelly (D:5)
  Ijyb (D:4)
  2 orc wizards
  4 worker ants
  4 adders
  4 dart slugs
  5 leopard geckos
  12 orcs
  A ball python (D:2)
  5 giant cockroaches
  5 hobgoblins
  5 kobolds
  4 quokkas
  4 bats
  3 frilled lizards
  3 goblins
  A leopard gecko skeleton (D:4)
  10 rats
80 creatures vanquished.

Notes
Turn   | Place    | Note
-------+----------+-------------------------------------------
     0 | D:1      | DavidChitty2 the Draconian Fire Elementalist began the
                  | quest for the Orb.
     0 | D:1      | Reached XP level 1. HP: 14/14 MP: 3/3
   399 | D:1      | Upgraded the game from 0.25-a0-10-g2fe12d4386 to
                  | 0.25-a0-21-ga5a8db46c7
   456 | D:1      | Reached XP level 2. HP: 22/22 MP: 0/5
   463 | D:1      | Learned a level 2 spell: Throw Flame
  1186 | D:2      | You fall into a shaft and drop 1 floor!
  1188 | D:3      | Reached skill level 1 in Fighting
  1327 | D:2      | Noticed a crimson imp
  1409 | D:2      | Killed a crimson imp
  1409 | D:2      | Reached XP level 3. HP: 23/28 MP: 6/6
  1509 | D:2      | Noticed a centaur
  2048 | D:2      | Reached XP level 4. HP: 34/35 MP: 0/7
  2140 | D:2      | Learned a level 3 spell: Conjure Flame
  2983 | D:3      | You fall into a shaft and drop 2 floors!
  2983 | D:5      | Entered Level 5 of the Dungeon
  2984 | D:5      | Noticed Dowan
  2984 | D:5      | Noticed Blork the orc
  2987 | D:5      | Noticed Duvessa
  3113 | D:4      | Reached skill level 4 in Fire Magic
  3372 | D:4      | Noticed Ijyb
  3423 | D:4      | Killed Ijyb
  3588 | D:4      | Reached XP level 5. HP: 41/41 MP: 7/9
  4494 | D:3      | Noticed Grinder
  4496 | D:3      | Paralysed by Grinder for 3 turns
  4761 | D:3      | Reached XP level 6. HP: 50/50 MP: 5/10
  5015 | D:3      | Paralysed by Grinder for 5 turns
  5040 | D:3      | Paralysed by Grinder for 4 turns
  5044 | D:3      | Killed Grinder
  5044 | D:3      | Reached skill level 5 in Fire Magic
  5439 | D:4      | Learned a level 5 spell: Fireball
  6160 | D:4      | Your scales start taking on an icy white colour.
  6160 | D:4      | Reduced skill Fire Magic to level 4
  6160 | D:4      | Reached XP level 7. HP: 55/57 MP: 1/12
  6160 | D:4      | Gained mutation: Your flesh is cold resistant. (rC+) [White
                  | Draconian growth]
  6269 | D:4      | Upgraded the game from 0.25-a0-21-ga5a8db46c7 to
                  | 0.25-a0-24-g72dcfe0359
  6763 | D:5      | Killed Blork the orc
  7170 | D:5      | HP: 2/58 [Duvessa/+4 short sword of draining (1)]
  7171 | D:5      | Slain by Duvessa

Levels and vault maps discovered:
D:1:      dpeg_arrival_signposts, layout_loops_ring
D:2:      layout_basic, first_ration, kennysheep_another_room,
          minmay_misc_feat_room
D:3:      layout_rooms, uniq_grinder
D:4:      layout_gridville, uniq_ijyb
D:5:      layout_loops_ring, uniq_duvessa, uniq_blork_the_orc

Skill      XL: |  1  2  3  4  5  6 |
---------------+-------------------+-----
Fighting       | 1 2 3 |  3.7
Conjurations   | 2 3 |  3.7
Fire Magic     | 4 4 |  4.9
Spellcasting   | 3 |  3.8
Dodging        | |  1.7
Stealth        | |  1.7

Action                   |  1- 3 |  4- 6 |  7- 9 || total
-------------------------+-------+-------+-------++-------
Melee: Unarmed           |    26 |       |       ||    26
       Tailslap          |     7 |     4 |     3 ||    14
       Long sword        |    46 |    43 |    13 ||   102
 Fire: Hunting sling     |       |    12 |       ||    12
Throw: Stone             |     2 |       |       ||     2
 Cast: Flame Tongue      |    23 |    43 |    29 ||    95
       Throw Flame       |    11 |    56 |    20 ||    87
       Conjure Flame     |       |     5 |     1 ||     6
 Abil: Breathe Frost     |       |       |     4 ||     4
  Use: Potion            |       |     1 |       ||     1
       Scroll            |       |    11 |     1 ||    12
 Stab: Sleeping          |     1 |       |       ||     1
  Eat: Chunk             |     4 |    13 |     2 ||    19
       Ration            |       |     1 |     1 ||     2
Armor: Skin              |    23 |    43 |     9 ||    75
Dodge: Dodged            |    65 |    57 |    13 ||   135
       Rpst.: Long sword |     9 |    11 |     5 ||    25

Table legend:
 A = Non-vault XP
 B = Vault XP
 C = Vault XP percentage of total XP
 D = Non-vault monster count
 E = Vault monster count
 F = Vault count percentage of total count
                 A         B        C        D         E       F
            +---------+---------+-------+---------+---------+-------
      Total |     642 |     384 |  37.4 |      77 |       3 |   3.8
            +---------+---------+-------+---------+---------+-------
        D:1 |      29 |       0 |   0.0 |      15 |       0 |   0.0
        D:2 |      84 |       0 |   0.0 |      15 |       0 |   0.0
        D:3 |     153 |     258 |  62.8 |      25 |       1 |   3.8
        D:4 |     209 |      36 |  14.7 |      12 |       1 |   7.7
        D:5 |     167 |      90 |  35.0 |      10 |       1 |   9.1
            +---------+---------+-------+---------+---------+-------
